 Dungeon Crawl Stone Soup version 0.29-a0-993-g4a18f31a58 (webtiles) character file.

Game seed: 4654191667404762970

36 lembark the Conjurer (level 3, -1/25 HPs)
             Began as a Demonspawn Conjurer on Aug 2, 2022.
             Slain by a goblin
             ... wielding a +0 club
             ... led by Robin
              (3 damage)
             ... on level 2 of the Dungeon.
             The game lasted 00:02:54 (1836 turns).

lembark the Conjurer (Demonspawn Conjurer)          Turns: 1836, Time: 00:02:55

Health: -1/25      AC:  2    Str:  7    XL:     3   Next: 19%
Magic:  0/6        EV: 12    Int: 21    God:
Gold:   65         SH:  4    Dex: 11    Spells: 3/6 levels left

rFire   + . .      SeeInvis .   a - staff of fire
rCold   . . .      Faith    .   (no shield)
rNeg    . . .      Spirit   .   d - +0 robe
rPois   .          Reflect  .   (no helmet)
rElec   .          Harm     .   (no cloak)
rCorr   .          Rampage  .   (no gloves)
Will    .....                   (no boots)
Stlth   ++........              (no amulet)
HPRegen 0.08/turn               (no ring)
MPRegen 0.10/turn               (no ring)

@: no status effects
A: claws 1, condensation shield
a: no special abilities


You were on level 2 of the Dungeon.
You visited 1 branch of the dungeon, and saw 2 of its levels.

You collected 65 gold pieces.

Inventory:

Hand Weapons
 b - a +0 dagger
Armour
 d - a +0 robe (worn)
Magical Staves
 a - a staff of fire (weapon)
Scrolls
 f - a scroll of enchant armour {unknown}
 g - a scroll of enchant weapon {unknown}
 i - a scroll of amnesia {unknown}
 j - a scroll of fear {unknown}
Potions
 c - a potion of haste {unknown}
 e - a potion of lignification {unknown}
 h - a potion of magic
 k - a potion of heal wounds {unknown}


   Skills:
 * Level 0.7 Fighting
 - Level 1.7 Dodging
 * Level 1.9 Stealth
 * Level 2.2 Spellcasting
 * Level 4.6 Conjurations
 * Level 0.3 Fire Magic
 * Level 0.3 Evocations


You had 3 spell levels left.
You knew the following spells:

 Your Spells              Type           Power      Damage    Failure   Level
a - Magic Dart            Conj           84%        1d7       2%          1
r - Searing Ray           Conj           42%        2d6       3%          2

Your spell library contained the following spells:

 Spells                   Type           Power      Damage    Failure   Level
 Summon Small Mammal      Summ           8%         N/A       14%         1
 Dazzling Flash           Conj/Hex       24%        N/A       17%         3
 Call Canine Familiar     Summ           2%         N/A       41%         3
 Summon Guardian Golem    Hex/Summ       2%         N/A       41%         3
 Fulminant Prism          Conj/Hex       6%         3d7       50%         4
 Iskenderun's Mystic Bla  Conj/Tloc      12%        2d5       50%         4


Dungeon Overview and Level Annotations

Branches:
Dungeon (2/15)

Altars:

Annotations:
D:2 Robin


Innate Abilities, Weirdness & Mutations

You have sharp fingernails.
A meltable shield of frost defends you. (SH +4)


Message History

You hit the goblin.
You kill the goblin!
You hit the frilled lizard.
You kill the frilled lizard!
The goblin closely misses you.
You hit the goblin.
The goblin is severely wounded.
The goblin hits you with a +0 club.
Robin hits you from afar with a +0 spear.
* * * LOW HITPOINT WARNING * * *
You completely miss the goblin.
The goblin is severely wounded.
Robin throws the goblin at you! You block the goblin's attack.
You block Robin's attack.
Things that are here:
a +0 dagger; a goblin corpse You hit Robin but do no damage.
Robin is lightly wounded.
You block Robin's attack. The goblin barely misses you.
You hit Robin but do no damage.
Robin is lightly wounded.
Robin barely misses you. The goblin misses you.
Unknown command.
Casting: Searing Ray (safe; 3% risk of failure)
Confirm with . or Enter, or press ? or * to list all spells.
Aiming: Searing Ray (safe; 3% risk of failure)
Press: ? - help, Shift-Dir - straight line, f/p - Robin
Aim: Robin, wielding a +0 spear, wearing a +0 animal skin and wearing a +0 helmet (lightly wounded, 84% to hit)
The searing ray hits Robin.
Robin is heavily wounded. (Press . to maintain the ray.) Robin barely misses you.
The goblin hits you with a +0 club.
* * * LOW HITPOINT WARNING * * *
Without enough magic to sustain it, your searing ray dissipates.
The goblin no longer looks unusually strong.
Robin barely misses you. The goblin closely misses you.
Robin closely misses you. The goblin hits you with a +0 club.
* * * LOW HITPOINT WARNING * * *
Robin closely misses you. The goblin hits you with a +0 club.
You die...

##....[.....#
#...####.#..###
................
....###.....####
# ##.....#
##.###......##
#[.............
##.###...#..##.
#..g@g...#..#
#)#.#######....
# ##.. ..


You could see Robin and a goblin.

Vanquished Creatures
  5 ball pythons (D:1)
  6 endoplasms
  7 goblins
  3 hobgoblins
  A kobold (D:1)
  A quokka (D:1)
  3 bats (D:1)
  2 frilled lizards
  3 rats (D:1)
31 creatures vanquished.

Notes
Turn   | Place    | Note
-------+----------+-------------------------------------------
     0 | D:1      | lembark the Demonspawn Conjurer began the quest for the
                  | Orb.
     0 | D:1      | Reached XP level 1. HP: 13/13 MP: 3/3
   243 | D:1      | Discovered your monstrous ancestry.
   243 | D:1      | Gained mutation: You have sharp fingernails. [demonic
                  | ancestry]
   243 | D:1      | Reached XP level 2. HP: 20/20 MP: 3/5
   246 | D:1      | Learned a level 2 spell: Searing Ray
  1334 | D:1      | Gained mutation: A meltable shield of frost defends you.
                  | (SH +4) [demonic ancestry]
  1334 | D:1      | Reached XP level 3. HP: 21/25 MP: 4/6
  1818 | D:2      | Noticed Robin
  1836 | D:2      | Slain by a goblin

Illustrated notes

Levels and vault maps discovered:
D:1:      lemuel_arrival_cross, layout_loops_cross, minmay_tetromino_l4
D:2:      layout_loops_ring, ebering_ecumenical_altar_petrified, uniq_jessica,
          uniq_sigmund, uniq_robin

Action                   || total
-------------------------++-------
Melee: Staff             ||    15
       Dagger            ||     5
 Cast: Magic Dart        ||    47
       Searing Ray       ||     2
Armor: Robe              ||     7
Dodge: Dodged            ||    16
Block: Other             ||     4

Table legend: (Time is in decaauts)
 A = Elapsed time spent in this place.
 B = Non-inter-level travel time spent in this place.
 C = Inter-level travel time spent in this place.
 D = Time resting spent in this place.
 E = Time spent auto-exploring this place.
 F = Levels seen in this place.
 G = Mean time per level.
                   A        B        C        D        E       F      G
               +--------+--------+--------+--------+--------+-----+--------+
         Total |   1836 |   1815 |     21 |    918 |    734 |   2 |  918.0 |
       Dungeon |   1836 |   1815 |     21 |    918 |    734 |   2 |  918.0 |
               +--------+--------+--------+--------+--------+-----+--------+

Top non-repeatable levels by time:
     D:1: 1591 daAuts
     D:2: 245 daAuts
